 Dungeon Crawl Stone Soup version 0.28.0-47-ge53b351184 (webtiles) character file.

Game seed: 5827313074550204268

79 Icepheonix32 the Chiller (level 4, -8/30 HPs)
             Began as a Demonspawn Ice Elementalist on May 5, 2022.
             Killed by nerve-wracking pain
             ... invoked by an orc priest
              (12 damage)
             ... on level 3 of the Dungeon.
             The game lasted 00:02:40 (1796 turns).

Icepheonix32 the Chiller (DsIE)                     Turns: 1796, Time: 00:02:40

Health: -8/30      AC:  2    Str:  8    XL:     4   Next: 17%
Magic:  4/7        EV: 12    Int: 18    God:
Gold:   59         SH:  0    Dex: 14    Spells: 6/7 levels left

rFire   . . .      SeeInvis .   b - +1 dagger
rCold   . . .      Faith    .   (no shield)
rNeg    . . .      Spirit   .   a - +0 robe
rPois   .          Reflect  .   (helmet restricted)
rElec   .          Harm     .   (no cloak)
rCorr   .          Rampage  .   (no gloves)
Will    .....                   (no boots)
Stlth   ++........              (no amulet)
HPRegen 0.10/turn               (no ring)
MPRegen 0.20/turn               (no ring)

@: no status effects
A: horns 1, magic regeneration
a: no special abilities


You were on level 3 of the Dungeon.
You visited 1 branch of the dungeon, and saw 3 of its levels.

You collected 59 gold pieces.

Inventory:

Hand Weapons
 b - a +1 dagger (weapon)
Missiles
 d - 3 datura-tipped darts
Armour
 a - a +0 robe (worn)
Scrolls
 e - a scroll of summoning
 f - a scroll of blinking
 g - a scroll of fog
 h - a scroll of fear
Potions
 j - a potion of curing {unknown}
 l - a potion of flight {unknown}


   Skills:
 - Level 1.7 Dodging
 - Level 1.7 Stealth
 - Level 2.0 Spellcasting
 * Level 5.2 Ice Magic


You had 6 spell levels left.
You knew the following spells:

 Your Spells              Type           Power      Damage    Failure   Level
a - Freeze                Ice            80%        1d9       1%          1

Your spell library contained the following spells:

 Spells                   Type           Power      Damage    Failure   Level
 Frozen Ramparts          Ice            40%        1d6       6%          3
 Ozocubu's Armour         Ice            20%        N/A       6%          3
 Scorch                   Fire           2%         2d5       26%         2
 Hailstorm                Conj/Ice       11%        3d5       52%         4
 Flame Wave               Conj/Fire      1%         2d4       87%         4
 Freezing Cloud           Conj/Ice/Air   4%         6-21      94%         5
 Simulacrum               Ice/Necr       5%         N/A       100%        6
 Summon Cactus Giant      Summ           0%         N/A       100%        6
 Polar Vortex             Ice            10%        N/A       100%        9


Dungeon Overview and Level Annotations

Branches:
Dungeon (3/15)

Altars:
Cheibriados


Innate Abilities, Weirdness & Mutations

You have a pair of small horns on your head.
You regenerate magic rapidly.


Message History

Found a stone staircase leading up.
The kobold shouts!
A dart slug comes into view.
The orc wizard mumbles some strange words.
The orc wizard flickers and vanishes!
Deactivating autopickup; reactivate with Ctrl-A.
The orc priest closely misses you.
You hit the orc priest but do no damage.
The orc priest hits you with a +0 club.
Unknown command.
Casting: Freeze (safe; 1% risk of failure)
Confirm with . or Enter, or press ? or * to list all spells.
Aiming: Freeze (safe; 1% risk of failure)
Press: ? - help, Shift-Dir - straight line, f - orc priest
Aim: an orc priest, wielding a +0 club You freeze the orc priest!
The orc priest is heavily wounded.
The orc priest completely misses you.
Unknown command.
Casting: Freeze (safe; 1% risk of failure)
Confirm with . or Enter, or press ? or * to list all spells.
Aiming: Freeze (safe; 1% risk of failure)
Press: ? - help, Shift-Dir - straight line, f/p - orc priest
Aim: an orc priest, wielding a +0 club (heavily wounded)
You freeze the orc priest.
The orc priest is almost dead.
The orc priest invokes the aid of Beogh against you.
Beogh smites you!
* * * LOW HITPOINT WARNING * * *
Unknown command.
Casting: Freeze (safe; 1% risk of failure)
Confirm with . or Enter, or press ? or * to list all spells.
Aiming: Freeze (safe; 1% risk of failure)
Press: ? - help, Shift-Dir - straight line, f/p - orc priest
Aim: an orc priest, wielding a +0 club (severely wounded)
You freeze the orc priest.
The orc priest is almost dead.
The orc priest invokes the aid of Beogh against you.
Pain shoots through your body!
You die...

##.## #...#####
##.....#.
#####.#. #.#.##
#.#o.#
#######.##.#
.........#o#
#####.#..#@#
##.....#.######
..........K.....#
###>....#)#..##.#
##.#..#(#.....
###..#.. ...S.
#..#........
....⌠...<..w
#####........


You could see an orc priest, an orc and a kobold.

Vanquished Creatures
  3 adders (D:2)
  A worm (D:2)
  A dart slug (D:2)
  An orc (D:3)
  3 ball pythons
  4 bats
  4 endoplasms
  A giant cockroach (D:1)
  6 goblins
  4 hobgoblins
  7 jackals
  A kobold (D:1)
  A frilled lizard (D:2)
  5 rats
42 creatures vanquished.

Notes
Turn   | Place    | Note
-------+----------+-------------------------------------------
     0 | D:1      | Icepheonix32 the Demonspawn Ice Elementalist began the
                  | quest for the Orb.
     0 | D:1      | Reached XP level 1. HP: 13/13 MP: 3/3
   145 | D:1      | Reached skill level 4 in Ice Magic
   153 | D:1      | Discovered your monstrous ancestry.
   153 | D:1      | Gained mutation: You have a pair of small horns on your
                  | head. [demonic ancestry]
   153 | D:1      | Reached XP level 2. HP: 19/19 MP: 0/5
   889 | D:2      | Reached XP level 3. HP: 24/24 MP: 1/6
  1295 | D:2      | Reached skill level 5 in Ice Magic
  1348 | D:2      | Found a faded altar of an unknown god.
  1599 | D:2      | Gained mutation: You regenerate magic rapidly. [demonic
                  | ancestry]
  1599 | D:2      | Reached XP level 4. HP: 27/30 MP: 4/7
  1649 | D:2      | Found a snail-covered altar of Cheibriados.
  1796 | D:3      | Killed from afar by an orc priest

Illustrated notes

Levels and vault maps discovered:
D:1:      psy_arrival_basics, layout_basic
D:2:      layout_basic, basic_altar, hellmonk_ecumenical_altar_dog_temple,
          minmay_tetromino_o2
D:3:      layout_loops_ring, nicolae_yredelemnul_ghost_church,
          grunt_temple_overflow_cloverleaf, mainiacjoe_overflow_alcove_4,
          lightli_sewer_entry_pipes, gammafunk_ghost_cemetery,
          grunt_ministairs_2

Skill      XL: |  1  2  3 |
---------------+----------+-----
Ice Magic      | 4 5 |  5.2
Dodging        | |  1.7
Stealth        | |  1.7
Spellcasting   | |  2.0

Action                   |  1- 3 |  4- 6 || total
-------------------------+-------+-------++-------
Melee: Dagger            |    23 |     5 ||    28
       Headbutt          |     5 |     1 ||     6
 Cast: Freeze            |    50 |     5 ||    55
  Use: Scroll            |       |     7 ||     7
 Stab: Sleeping          |       |     2 ||     2
Armor: Robe              |     7 |       ||     7
Dodge: Dodged            |    54 |     5 ||    59
